 Dungeon Sprint DCSS version 0.28.0-43-g3370ac3207 (webtiles) character file.

Game seed: 17438380853976290005

378 boopmooplesden the Cleaver (level 6, -8/67 HPs)
             Began as a Minotaur Berserker on Mar 1, 2022.
             Was a Believer of Trog.
             Mangled by a neqoxec (11 damage)
             ... in the Dungeon (Sprint II: "The Violet Keep of Menkaure").
             The game lasted 00:00:24 (49 turns).

boopmooplesden the Cleaver (Minotaur Berserker)       Turns: 49, Time: 00:00:25

Health: -8/67      AC:  2    Str: 23 (24) XL:     6   Next: 45%
Magic:  5/5        EV: 13    Int:  3 (4)  God:    Trog [**....]
Gold:   0          SH:  0    Dex:  9      Spells: 5/5 levels left

rFire   . . .      SeeInvis .   a - +0 hand axe
rCold   . . .      Faith    .   (no shield)
rNeg    . . .      Spirit   .   b - +0 animal skin
rPois   .          Reflect  .   (helmet restricted)
rElec   .          Harm     .   (no cloak)
rCorr   .          Rampage  .   (no gloves)
Will    .....      NoTele   +   (no boots)
Stlth   +.........              (no amulet)
HPRegen 0.00/turn               (no ring)
MPRegen 0.09/turn               (no ring)

@: on berserk cooldown, inhibited regen, slowed, very slow
A: horns 2, retaliatory headbutt, deterioration 1, inhibited regeneration
a: Renounce Religion, Berserk, Trog's Hand


You were in the Dungeon.
You worshipped Trog.
Trog was pleased with you.
You visited 1 branch

Inventory:

Hand Weapons
 a - a +0 hand axe (weapon)
Armour
 b - a +0 animal skin (worn)
Scrolls
 h - a scroll of blinking
Potions
 c - a potion of curing
 e - a potion of haste
 f - 2 potions of magic
 g - a potion of berserk rage


   Skills:
 + Level 10.9 Fighting
 + Level 11.2 Axes
 + Level 5.9 Armour
 + Level 5.3 Dodging


You had 5 spell levels left.
You didn't know any spells.
Your spell library was empty.

Dungeon Overview and Level Annotations

Branches:
Dungeon (1/1)

Altars:

Annotations:
D exclusion: orange crystal statue


Innate Abilities, Weirdness & Mutations

You have a pair of horns on your head.
You reflexively headbutt those who attack you in melee.
Your body sometimes deteriorates upon taking damage.
You do not regenerate when monsters are visible.


Message History

You can now call upon Trog for regeneration and willpower.
You feel your intelligence returning.
Your Fighting skill increases to level 10!
Your Axes skill increases to level 11!
Your Dodging skill increases to level 5!
You have reached level 6!
There is an open door, spattered with blood here.
You start resting.
A neqoxec comes into view.
The neqoxec hits you!
* * * LOW HITPOINT WARNING * * *
There is an open door, spattered with blood here.
You feel much better. The neqoxec misses you.
You slash the neqoxec! Your headbutt misses the neqoxec.
The neqoxec is moderately wounded.
The neqoxec hits you!
You hit the neqoxec but do no damage.
You headbutt the neqoxec, but do no damage.
The neqoxec is moderately wounded.
The neqoxec hits you!
* * * LOW HITPOINT WARNING * * *
You slash the neqoxec! You headbutt the neqoxec.
The neqoxec is severely wounded.
The neqoxec gestures at you.
You feel dopey. Something feeds on your intellect!
You closely miss the neqoxec.
The neqoxec is severely wounded.
The neqoxec hits you!
* * * LOW HITPOINT WARNING * * *
Your body deteriorates!
You feel weakened.
The neqoxec hits you but does no damage.
You closely miss the neqoxec. Your headbutt misses the neqoxec.
The neqoxec is severely wounded.
The neqoxec hits you.
* * * LOW HITPOINT WARNING * * *
You closely miss the neqoxec. Your headbutt misses the neqoxec.
The neqoxec is severely wounded.
The neqoxec hits you!
You die...

≈≈ ≈≈
#+++
...
##'##
##.$.#
#.##..#
#
##3####
#. ##@#
#l##.##
#+.<.+
#.##.##
#l #+#
#


You could see a neqoxec.

Vanquished Creatures
  3 neqoxecs (D)
3 creatures vanquished.

Notes
Turn   | Place    | Note
-------+----------+-------------------------------------------
     0 | D        | boopmooplesden the Minotaur Berserker began the quest for
                  | the Orb.
     0 | D        | Reached XP level 1. HP: 19/19 MP: 0/0
     1 | D        | Noticed a wyvern
     1 | D        | Noticed a wyvern
     4 | D        | Noticed a neqoxec
     4 | D        | Noticed a neqoxec
    15 | D        | Killed a neqoxec
    16 | D        | Reached skill level 8 in Axes
    16 | D        | Reached XP level 2. HP: 35/35 MP: 1/1
    16 | D        | Reached XP level 3. HP: 40/40 MP: 2/2
    16 | D        | Reached XP level 4. HP: 48/48 MP: 3/3
    18 | D        | Killed a neqoxec
    19 | D        | Reached skill level 10 in Axes
    19 | D        | Reached skill level 5 in Armour
    19 | D        | Reached XP level 5. HP: 58/58 MP: 4/4
    20 | D        | Noticed a neqoxec
    21 | D        | Noticed an orange crystal statue
    25 | D        | Gained mutation: You do not regenerate when monsters are
                  | visible. [a neqoxec]
    29 | D        | Gained mutation: Your body sometimes deteriorates upon
                  | taking damage. [a neqoxec]
    31 | D        | Killed a neqoxec
    31 | D        | Reached ** piety under Trog
    32 | D        | Reached skill level 10 in Fighting
    32 | D        | Reached skill level 11 in Axes
    32 | D        | Reached skill level 5 in Dodging
    32 | D        | Reached XP level 6. HP: 20/67 MP: 5/5
    41 | D        | Noticed a neqoxec
    48 | D        | HP: 3/67 [neqoxec (3)]
    49 | D        | Mangled by a neqoxec

Illustrated notes

Levels and vault maps discovered:
D:        the_violet_keep_of_menkaure [sprint2_stairs_cluster_1,
          sprint2_shoproom, sprint2_temple, sprint2_basic_supplies,
          sprint2_obstacle_1, sprint2_obstacle_6, sprint2_obstacle_4,
          sprint2_obstacle_5, sprint2_obstacle_2, sprint2_timed_cluster_1,
          sprint2_smallroom_cluster_1, sprint2_smallroom_final_cluster_1,
          sprint2_transparent_cluster_1, sprint2_second_timed_cluster_1,
          sprint2_sniper_area_1, sprint2_heavy_combat_area_1,
          sprint2_mutation_trap_area_1, sprint2_forest_area_1,
          sprint2_light_combat_area_1, sprint2_behind_water_1,
          sprint2_near_end_vault_1]

Skill      XL: |  1  2  3  4  5 |
---------------+----------------+-----
Fighting       | 8 9 10 | 10.9
Axes           | 8 10 11 | 11.2
Armour         | 4 5 |  5.9
Dodging        | 3 4 5 |  5.3

Action                   |  1- 3 |  4- 6 || total
-------------------------+-------+-------++-------
Melee: Hand axe          |     9 |    17 ||    26
       Headbutt          |       |     3 ||     3
Invok: Berserk           |     1 |       ||     1
  Use: Potion            |       |     1 ||     1
Armor: Animal skin       |     1 |     2 ||     3
Dodge: Dodged            |     2 |     5 ||     7
